 Dungeon Sprint DCSS version 0.30-a0-210-g01b79a254e (webtiles) character file.

Game seed: 10849040528260552015

20949 rocky1 the Bludgeoner (level 12, -3/214 HPs)
             Began as an Ogre Brigand on Oct 5, 2022.
             Was an Initiate of Gozag.
             Shot with an arrow by a deep elf archer (25 damage)
             ... in the Dungeon (Sprint VII: "The Pits").
             The game lasted 00:29:06 (7020 turns).

rocky1 the Bludgeoner (Ogre Brigand)                Turns: 7020, Time: 00:29:06

Health: -3/214     AC: 26    Str: 29    XL:     12   Next: 84%
Magic:  12/12      EV:  1    Int: 12    God:    Gozag
Gold:   222        SH:  0    Dex: 12    Spells: 11/11 levels left

rFire   + . .      SeeInvis .    c - +2 dire flail of Ytho Worch {vorpal, rF+ Dex+2}
rCold   . . .      Faith    .    (shield currently unavailable)
rNeg    + + +      Spirit   .    (body armour currently unavailable)
rPois   +          Reflect  .    (helmet currently unavailable)
rElec   .          Harm     .    (cloak currently unavailable)
rCorr   .          Rampage  .    (gloves unavailable)
Will    .....      NoTele   +    (boots unavailable)
Stlth   +.........               B - amulet "Jobuh" {RegenMP rPois rN+++ Will-}
HPRegen 0.55/turn                z - ring of the Garden {rPois Str+7 Slay+4}
MPRegen 0.53/turn                j - +3 ring of evasion

@: confused, tree-form (expiring), gold aura, slowed, very slow
A: stationary, stasis, torment immunity, boosted hp, large, unfitting armour,
(tough skin 1)
a: Renounce Religion, Potion Petition, Call Merchant, Bribe Branch


You were in the Dungeon.
You worshipped Gozag.
Gozag was aware of your devotion.
You were a tree.
You visited 1 branch You collected 6915 gold pieces.
You spent 1998 gold pieces at shops.
You paid 4695 gold pieces to Gozag.

Inventory:

Hand Weapons
 c - the +2 dire flail of Ytho Worch (weapon) {vorpal, rF+ Dex+2}
   (You bought it in a shop in the Dungeon)

   It inflicts extra damage upon your enemies.
   Dex:       It affects your dexterity (+2).
   rF:        It protects you from fire.
 l - a +2 giant spiked club of freezing
 q - a +1 vorpal broad axe
Missiles
 a - 7 javelins
 d - 21 poisoned darts (quivered)
 e - a curare-tipped dart
Armour
 b - the +3 robe of Clouds (melded) {*Thunder rCloud rElec}
   (You bought it in a shop in the Dungeon)

   It occasionally creates storm clouds above nearby enemies.
   It grants its wearer immunity to clouds.
   rElec:     It insulates you from electricity.
 o - a +1 cloak of poison resistance (melded)
 p - a +2 robe of the Archmagi
Jewellery
 j - a +3 ring of evasion (right branch)
 y - a ring of see invisible
 z - the ring of the Garden (left branch) {rPois Str+7 Slay+4}
   (You acquired it in the Dungeon)

   [ring of slaying]

   Str:       It affects your strength (+7).
   Slay:      It affects your accuracy & damage with ranged weapons and melee
   (+4).
   rPois:     It protects you from poison.
 A - a ring of protection from fire
 B - the amulet "Jobuh" (around neck) {RegenMP rPois rN+++ Will-}
   (You found it in the Dungeon)

   [amulet of magic regeneration]

   It increases your rate of magic regeneration.
   rPois:     It protects you from poison.
   rN:        It renders you almost immune to negative energy.
   Will:      It decreases your willpower.
Wands
 i - a wand of charming (3)
Scrolls
 k - 4 scrolls of blinking
 m - 5 scrolls of amnesia
 r - 2 scrolls of identify
 t - a scroll of fear
 D - a scroll of immolation
Potions
 f - 3 potions of curing
 n - 4 potions of magic
 v - a potion of brilliance
 w - 2 potions of mutation


   Skills:
 + Level 15.5 Fighting
 - Level 1.7 Short Blades
 + Level 20.3 Maces & Flails
 + Level 12.1 Throwing
 + Level 10.1 Armour
 + Level 11.1 Dodging
 - Level 6.1 Stealth


You had 11 spell levels left.
You didn't know any spells.
Your spell library was empty.

Dungeon Overview and Level Annotations

Branches:
Dungeon (1/1)

Altars:
Ashenzari
Cheibriados
Dithmenos
Elyvilon
Fedhas
Gozag
Hepliaklqana
Kikubaaqudgha
Makhleb
Nemelex Xobeh
Okawaru
Qazlal
Ru
Sif Muna
Trog
Uskayaw
Vehumet
Wu Jian
Xom
Yredelemnul
Zin
The Shining One
Jiyva
Lugonu

Shops:
D *[[


Innate Abilities, Weirdness & Mutations

You are a tree.
Your roots penetrate the ground, keeping you stationary.
You cannot be teleported.
You are immune to unholy pain and torment.
Your maximum health is greatly increased.
Your equipment is partially melded.
You are too large for most types of armour.
((You have tough skin. (AC +1)))


Message History

The wind drake exhales a fierce blast of wind!
The deep elf archer is blown away by the wind.
Hit: c) +2 dire flail of Ytho Worch {vorpal, rF+ Dex+2}
Press: ? - help, Dir - move target, f - wind drake, p - deep elf archer
Aim: a wind drake (severely wounded, repelling missiles, catching its breath, about 35% to evade the +2 dire flail of Ytho Worch)
You sock the wind drake!
The wind drake is almost dead.
Unknown command.
Hit: c) +2 dire flail of Ytho Worch {vorpal, rF+ Dex+2}
Press: ? - help, Dir - move target, f/p - wind drake
Aim: a wind drake (almost dead, repelling missiles, catching its breath, about 35% to evade the +2 dire flail of Ytho Worch)
You closely miss the wind drake.
The wind drake is almost dead.
The wind drake bites you but does no damage.
Hit: c) +2 dire flail of Ytho Worch {vorpal, rF+ Dex+2}
Press: ? - help, Dir - move target, f/p - wind drake
Aim: a wind drake (almost dead, repelling missiles, catching its breath, about 35% to evade the +2 dire flail of Ytho Worch)
You puncture the wind drake!
You kill the wind drake!
Your transformation is almost over.
The deep elf archer shoots an arrow.
The arrow hits you but does no damage.
Unknown command.
Okay, then.
Unknown command.
The deep elf archer casts a spell at you.
You are confused.
The deep elf archer shoots an arrow.
The arrow hits you but does no damage.
The deep elf archer gestures at you while chanting.
You feel yourself slow down.
Confused hit: c) +2 dire flail of Ytho Worch {vorpal, rF+ Dex+2}
Press: ? - help, Dir - move target You swing at nothing.
The deep elf archer shoots an arrow.
The arrow hits you but does no damage.
You cannot move. (Use ctrl+direction or * direction to attack while stationary and confused.)
The deep elf archer points at you and mumbles some strange words.
You are more confused.
A deep elf archer comes into view. It is wielding a +4 vorpal scimitar.
The deep elf archer shoots an arrow.
The arrow hits you!!
You die...
Your body crumbles into a pile of gold.

#..###########
#############............b
#_________.##............b
#_________.###########''##
#_______...###########''##
##########'##.............
#.?(.')).'.##...e..#..#...
##########.##$............
#....e...♣$$$$.[..........
#'#####'#####......#[.#...
#.#..#.).'.##......)).))..
#.#..#...#.#####'#####++##
#.#..#####)##.......##++#
#.#..'..)#.##.......##.)##
#)#..'...'.##.......##...#
#.#..########...<...###..)
#)#..'[))).##.......# ##..


You could see 2 deep elf archers.

Vanquished Creatures
  A sphinx (D)
  A storm dragon (D)
  A balrug (D)
  An eidolon (D)
  A great orb of eyes (D)
  A hydra (D)
  An ogre mage (D)
  A boulder beetle (D)
  3 two-headed ogres (D)
  An orc high priest (D)
  Urug (D)
  2 deep elf knights (D)
  A sixfirhy (D)
  A deep troll (D)
  A flayed ghost (D)
  2 lindwurms (D)
  A phantasmal warrior (D)
  A deep elf pyromancer (D)
  A wolf spider (D)
  Maurice (D)
  A molten gargoyle (D)
  A smoke demon (D)
  Psyche (D)
  An unseen horror (D)
  A demonic crawler (D)
  2 ice devils (D)
  2 kobold demonologists (D)
  2 freezing wraiths (D)
  2 guardian mummies (D)
  A red devil (D)
  A troll (D)
  2 polar bears (D)
  A wind drake (D)
  3 hornets (D)
  A spriggan (D)
  A jumping spider (D)
  A shadow (D)
  Eustachio (D)
  A redback (D)
  An acid dragon (D)
  A water moccasin (D)
  A floating eye (D)
  2 orc warriors (D)
  2 ice beasts (D)
  A black bear (D)
  A sky beast (D)
  An ogre (D)
  2 kobold brigands (D)
  A bullfrog (D)
  An earth elemental (D)
  2 crimson imps (D)
  A quasit (D)
  An orc priest (D)
  Crazy Yiuf (D)
  2 orc wizards (D)
  2 hell rats (D)
  3 gnolls (D)
  An adder (D)
  An ufetubus (D)
  An adder simulacrum (D)
  7 orcs (D)
  A bat skeleton (D)
  3 goblins (D)
  2 jackals (D)
  A quokka (D)
  A ball python (D)
  A ball python skeleton (D)
  A bat simulacrum (D)
  A frilled lizard (D)
  A giant cockroach zombie (D)
  4 kobolds (D)
  A quokka zombie (D)
  A rat (D)
104 creatures vanquished.

Vanquished Creatures (collateral kills)
  An orc warrior (D)
  An orc priest (D)
  2 orcs (D)
4 creatures vanquished.

Grand Total: 108 creatures vanquished

Notes
Turn   | Place    | Note
-------+----------+-------------------------------------------
     0 | D        | rocky1 the Ogre Brigand began the quest for the Orb.
     0 | D        | Reached XP level 1. HP: 22/22 MP: 1/1
    19 | D        | Reached skill level 1 in Dodging
    23 | D        | Found a bloodstained altar of Trog.
    23 | D        | Found a shimmering blue altar of Sif Muna.
    23 | D        | Found a viscous altar of Jiyva.
    23 | D        | Found a hazy altar of Hepliaklqana.
    23 | D        | Found an opulent altar of Gozag.
    24 | D        | Found a glowing golden altar of the Shining One.
    24 | D        | Found a glowing silver altar of Zin.
    24 | D        | Found a basalt altar of Yredelemnul.
    24 | D        | Found a shimmering altar of Xom.
    24 | D        | Found an ornate altar of the Wu Jian Council.
    24 | D        | Found a sacrificial altar of Ru.
    24 | D        | Found a stormy altar of Qazlal.
    24 | D        | Found an iron altar of Okawaru.
    24 | D        | Found a sparkling altar of Nemelex Xobeh.
    24 | D        | Found a burning altar of Makhleb.
    24 | D        | Found a blossoming altar of Fedhas.
    24 | D        | Found a white marble altar of Elyvilon.
    24 | D        | Found a shadowy altar of Dithmenos.
    24 | D        | Found a snail-covered altar of Cheibriados.
    27 | D        | Found a corrupted altar of Lugonu.
    27 | D        | Found a radiant altar of Vehumet.
    28 | D        | Found an ancient bone altar of Kikubaaqudgha.
    28 | D        | Found a hide-covered altar of Uskayaw.
    28 | D        | Found a broken altar of Ashenzari.
    31 | D        | Became a worshipper of Gozag Ym Sagoz the Greedy
   106 | D        | Reached skill level 1 in Maces & Flails
   106 | D        | Reached XP level 2. HP: 8/32 MP: 2/2
   406 | D        | Reached skill level 2 in Maces & Flails
   406 | D        | Reached skill level 1 in Armour
   575 | D        | Reached XP level 3. HP: 33/39 MP: 3/3
   829 | D        | Reached skill level 3 in Maces & Flails
   903 | D        | Noticed a water moccasin
   917 | D        | Killed a water moccasin
   918 | D        | Reached skill level 5 in Fighting
   918 | D        | Reached skill level 4 in Maces & Flails
   918 | D        | Reached XP level 4. HP: 17/52 MP: 4/4
   918 | D        | Reached XP level 5. HP: 19/59 MP: 5/5
   922 | D        | Reached skill level 5 in Maces & Flails
   925 | D        | HP: 2/59 [poisoned by a water moccasin]
  1161 | D        | Reached skill level 5 in Throwing
  1161 | D        | Reached XP level 6. HP: 55/68 MP: 6/6
  1218 | D        | Reached skill level 6 in Maces & Flails
  1221 | D        | Noticed a lindwurm
  1232 | D        | Killed a lindwurm
  1233 | D        | Reached skill level 8 in Maces & Flails
  1233 | D        | Reached skill level 5 in Armour
  1233 | D        | Reached skill level 5 in Dodging
  1233 | D        | Reached skill level 5 in Stealth
  1233 | D        | Reached XP level 7. HP: 22/81 MP: 7/7
  1526 | D        | Noticed Crazy Yiuf
  1533 | D        | Reached XP level 8. HP: 92/92 MP: 8/8
  1545 | D        | Killed Crazy Yiuf
  1898 | D        | Bought an iridescent dire flail for 288 gold pieces
  1898 | D        | Identified the +2 dire flail of Ytho Worch {vorpal, rF+
                  | Dex+2} (You bought it in a shop in the Dungeon)
  2042 | D        | Noticed a spriggan rider
  2071 | D        | Killed a hornet
  2072 | D        | Reached skill level 9 in Maces & Flails
  2072 | D        | Killed a spriggan
  2073 | D        | Reached skill level 10 in Maces & Flails
  2269 | D        | Noticed an orc high priest
  2290 | D        | Reached skill level 11 in Maces & Flails
  2298 | D        | Killed an orc high priest
  2299 | D        | Reached skill level 12 in Maces & Flails
  2299 | D        | Reached XP level 9. HP: 38/98 MP: 9/9
  2317 | D        | Reached skill level 13 in Maces & Flails
  2323 | D        | Noticed a hornet
  2334 | D        | Killed a hornet
  2335 | D        | Reached skill level 14 in Maces & Flails
  2711 | D        | Noticed a freezing wraith
  2712 | D        | Noticed a demonic crawler
  2718 | D        | Noticed a five-headed hydra
  2721 | D        | Killed a freezing wraith
  2723 | D        | Noticed a boulder beetle
  2723 | D        | Noticed Maurice
  2726 | D        | Noticed Eustachio
  2726 | D        | Noticed a guardian mummy
  2730 | D        | Killed a demonic crawler
  2731 | D        | Reached skill level 15 in Maces & Flails
  2734 | D        | Killed a five-headed hydra
  2735 | D        | Reached skill level 16 in Maces & Flails
  2735 | D        | Reached XP level 10. HP: 19/107 MP: 10/10
  2746 | D        | Noticed an ogre mage
  2747 | D        | Killed Eustachio
  2751 | D        | Reached skill level 17 in Maces & Flails
  2755 | D        | Noticed a two-headed ogre
  2755 | D        | Noticed a two-headed ogre
  2755 | D        | Noticed a two-headed ogre
  2758 | D        | Killed an ogre mage
  2768 | D        | Killed a boulder beetle
  2769 | D        | Reached skill level 10 in Fighting
  3109 | D        | Noticed a smoke demon
  3358 | D        | Killed a smoke demon
  3359 | D        | Reached XP level 11. HP: 112/119 MP: 11/11
  3441 | D        | Killed a two-headed ogre
  3442 | D        | Reached skill level 18 in Maces & Flails
  3563 | D        | Killed a two-headed ogre
  3752 | D        | Killed a two-headed ogre
  3925 | D        | Killed Maurice
  4089 | D        | Noticed a lindwurm
  4090 | D        | Noticed a wolf spider
  4091 | D        | Noticed a sixfirhy
  4102 | D        | Killed a wolf spider
  4111 | D        | Killed a lindwurm
  4127 | D        | HP: 6/123 [sixfirhy (3)]
  4130 | D        | Killed a sixfirhy
  4131 | D        | Reached skill level 19 in Maces & Flails
  4455 | D        | Noticed a deep elf pyromancer
  5194 | D        | Killed a deep elf pyromancer
  5195 | D        | Reached skill level 10 in Throwing
  5302 | D        | Got the amulet "Jobuh" {RegenMP rPois rN+++ Will-}
  5326 | D        | Acquired the ring of the Garden {rPois Str+7 Slay+4}
  5342 | D        | Bought a +1 cloak of poison resistance for 216 gold pieces
  5342 | D        | Bought a +2 robe of the Archmagi for 603 gold pieces
  5415 | D        | Noticed Psyche
  5416 | D        | Noticed a flayed ghost
  5421 | D        | Killed Psyche
  5431 | D        | Killed a flayed ghost
  5549 | D        | Noticed a great orb of eyes
  5567 | D        | Killed a great orb of eyes
  5568 | D        | Reached XP level 12. HP: 58/136 MP: 9/12
  5979 | D        | Noticed an eidolon
  6001 | D        | Killed an eidolon
  6034 | D        | Noticed Urug
  6066 | D        | Killed Urug
  6067 | D        | Reached skill level 10 in Dodging
  6610 | D        | Bought the +3 robe of Clouds {*Thunder rCloud rElec} for
                  | 891 gold pieces
  6610 | D        | Found the +3 robe of Clouds {*Thunder rCloud rElec}
  6707 | D        | Noticed a balrug
  6707 | D        | Noticed a deep elf knight
  6752 | D        | Killed a deep elf knight
  6938 | D        | Noticed a storm dragon
  6948 | D        | Noticed a sphinx
  6952 | D        | Killed a storm dragon
  6953 | D        | Reached skill level 20 in Maces & Flails
  6959 | D        | Killed a sphinx
  6960 | D        | Reached skill level 15 in Fighting
  6968 | D        | Killed a balrug
  6969 | D        | Reached skill level 10 in Armour
  6972 | D        | Noticed a deep elf knight
  6989 | D        | HP: 4/143 [wind drake/the air (16)]
  6990 | D        | HP: 1/143 [something (24)]
  6997 | D        | Killed a deep elf knight
  7020 | D        | Shot with an arrow by a deep elf archer

Illustrated notes

Levels and vault maps discovered:
D:        pitsprint [storerooms_1, entrance_room_1, metal_vault_5, armoury_2,
          mini_pit_1, grid_room_1, main_hall_1, silver_pit, the_coven_3,
          the_vestibule_1, steel_vault_4, golden_pit, hallway_of_sentries,
          crystal_vault_4, iron_vault_2, final_vault]

Skill      XL: |  1  2  3  4  5  6  7  8  9 10 11 12 |
---------------+-------------------------------------+-----
Fighting       | 3 4 5 6 8 9 10 13 15 | 15.5
Dodging        | 1 2 3 4 5 6 7 9 11 | 11.1
Stealth        | 3 4 5 6 |  6.1
Maces & Flails | 1 2 4 5 8 12 16 17 19 20 | 20.3
Throwing       | 3 4 5 6 7 8 10 12 | 12.1
Armour         | 1 2 3 5 6 8 10 | 10.1
Short Blades   | |  1.7

Action                   |  1- 3 |  4- 6 |  7- 9 | 10-12 || total
-------------------------+-------+-------+-------+-------++-------
Melee: Mace              |    38 |    25 |    17 |       ||    80
       Dagger            |     6 |       |       |       ||     6
       Dire flail        |       |       |    63 |   240 ||   303
       Giant spiked club |       |       |       |    12 ||    12
       Broad axe         |       |       |       |    24 ||    24
Throw: Dart              |     4 |     6 |     8 |    18 ||    36
Invok: Call Merchant     |       |       |     1 |     2 ||     3
       Potion Petition   |       |       |       |     6 ||     6
Evoke: Wand              |       |       |       |     1 ||     1
  Use: Potion            |     3 |     3 |    14 |    15 ||    35
       Scroll            |       |       |     1 |     5 ||     6
 Stab: Sleeping          |     1 |       |     2 |     1 ||     4
       Distracted        |       |       |     1 |     2 ||     3
       Invisible         |       |       |       |     5 ||     5
Armor: Robe              |     8 |     9 |    10 |    38 ||    65
       Skin              |       |       |       |    10 ||    10
Dodge: Dodged            |    19 |    21 |    49 |   130 ||   219

Table legend: (Time is in decaauts)
 A = Elapsed time spent in this place.
 B = Non-inter-level travel time spent in this place.
 C = Inter-level travel time spent in this place.
 D = Time resting spent in this place.
 E = Time spent auto-exploring this place.
 F = Levels seen in this place.
 G = Mean time per level.
                   A        B        C        D        E       F      G
               +--------+--------+--------+--------+--------+-----+--------+
         Total |   6885 |   6824 |     61 |   4920 |      0 |   1 | 6885.0 |
       Dungeon |   6885 |   6824 |     61 |   4920 |      0 |   1 | 6885.0 |
               +--------+--------+--------+--------+--------+-----+--------+

Top non-repeatable levels by time:
       D: 6885 daAuts
